 Dungeon Crawl Stone Soup version 0.31-a0-200-gbc41564c69 (webtiles) character file.

Game seed: 13444776834960767987

517 qw the Skirmisher (level 7, -3/40 HPs)
             Began as a Deep Elf Hunter on June 25, 2023.
             Killed from afar by a white imp (6 damage)
             ... with a puff of frost
             ... summoned by Eustachio
             ... on level 3 of the Dungeon.
             The game lasted 00:01:09 (2893 turns).

qw the Skirmisher (Deep Elf Hunter)                 Turns: 2893, Time: 00:01:09

Health: -3/40      AC:  6    Str:  7 (10) XL:     7   Next: 0%
Magic:  9/9        EV: 18    Int: 13 (14) God:
Gold:   224        SH:  0    Dex: 16 (18) Spells: 6/6 levels left

rFire   + . .        i - +0 shortbow
rCold   . . .        (shield currently unavailable)
rNeg    . . .        a - +1 leather armour {rF+}
rPois   +            (no helmet)
rElec   .            (no cloak)
rCorr   .            g - +0 pair of gloves
SInv    .            e - +0 pair of boots
Will    .....        (no amulet)
Stlth   ++           j - ring of poison resistance
HPRegen 0.26/turn    f - +5 ring of evasion
MPRegen 0.11/turn

%: no passive effects
@: no status effects
A: no striking features
a: no special abilities


You were on level 3 of the Dungeon.
You visited 1 branch of the dungeon, and saw 4 of its levels.

You collected 224 gold pieces.


   Skills:
 - Level 2.0 Fighting
 + Level 10.1 Ranged Weapons
 - Level 4.3 Dodging
 - Level 1.2 Stealth


You had 6 spell levels left.
You didn't know any spells.
Your spell library was empty.

Inventory:

Hand Weapons
 i - a +0 shortbow (weapon)
Armour
 a - a +1 leather armour of fire resistance (worn)
 b - a +0 ring mail
 e - a +0 pair of boots (worn)
 g - a +0 pair of gloves (worn)
Jewellery
 f - a +5 ring of evasion (right hand)
 j - a ring of poison resistance (left hand)
 Y - a ring of positive energy
Potions
 d - a potion of curing
 h - a potion of enlightenment {unknown}
 k - a potion of attraction {unknown}

Dungeon Overview and Level Annotations

Branches:
Dungeon (4/15)
 Temple: D:4-7

Altars:
Fedhas
Ru
Wu Jian

Shops:
D:1 [

Annotations:
D:3 Eustachio


Message History

The arrow closely misses the shadow imp.
The bat barely misses you. The bat completely misses you.
The rat barely misses you. The shadow imp barely misses you.
Eustachio mumbles some strange words.
Eustachio blinks!
You shoot an arrow. The arrow barely misses the shadow imp.
The bat completely misses you. The bat closely misses you. x2
The rat bites you.
Eustachio gestures wildly while chanting.
The shadow imp hits you but does no damage.
You shoot an arrow. The arrow hits the shadow imp.
The shadow imp is severely wounded.
The shadow imp disappears in a puff of smoke!
The bat misses you. The rat bites you.
You shoot an arrow. The arrow hits the bat.
You kill the bat!
The bat's corpse disappears in a puff of smoke!
The bat barely misses you. The rat closely misses you.
You shoot an arrow. The arrow closely misses Eustachio.
The bat completely misses you. The quasit bites you.
The quasit barely misses you. The quasit closely misses you.
The rat misses you.
Eustachio gestures wildly while chanting.
Eustachio blinks!
You shoot an arrow.
The arrow hits the quasit but does no damage.
The bat barely misses you. The bat misses you.
The quasit bites you but does no damage.
The quasit misses you. x2; The rat misses you.
You shoot an arrow.
The arrow hits the quasit but does no damage.
The bat misses you.
The quasit closely misses you. x2; The quasit misses you.
The rat completely misses you. The quasit closely misses you.
The quasit claws you but does no damage.
The quasit closely misses you.
You shoot an arrow.
The arrow hits the quasit but does no damage.
The bat completely misses you. The white imp gestures at you.
The puff of frost hits you.
You die...

#......#.#
#.####.#.#
#.######)#
#.#......#
#...##############
##########.......#
#.......%......@.#
#.########.....r5#
...............5@#
#.#..#.########5.#
#.#......)....#b.#
#.#...#######.#..#
#.#........<#.#..#
#.###.#######.#..#
#.............#..#
#####.#########..#
..)..<.#
#..#######


You could see Eustachio, a quasit (summoned), a white imp (summoned), an
ufetubus (summoned), a bat (summoned) and a rat (summoned).

Vanquished Creatures
  Sigmund (D:3)
  Menkaure (D:4)
  A hound (D:4)
  Ijyb (D:4)
  Jessica (D:3)
  4 adders
  3 gnolls (D:3)
  A worm (D:2)
  6 dart slugs
  3 orcs
  6 bats
  8 endoplasms
  A giant cockroach (D:1)
  3 hobgoblins
  2 jackals (D:4)
  2 quokkas
  4 ball pythons
  3 frilled lizards
  9 goblins
  2 kobolds
  7 rats
69 creatures vanquished.

Notes
Turn   | Place    | Note
-------+----------+-------------------------------------------
     0 | D:1      | qw the Deep Elf Hunter began the quest for the Orb.
     0 | D:1      | Reached XP level 1. HP: 12/12 MP: 3/3
     0 | D:1      | 0 ||| qw: Version: 0.3-a-22-g0ed2b0b
     0 | D:1      | 0 ||| qw: Game counter: 5521
     0 | D:1      | 0 ||| qw: Melee chars always use a shield: true
     0 | D:1      | 0 ||| qw: God list: Okawaru
     0 | D:1      | 0 ||| qw: Allow faded altars: false
     0 | D:1      | 0 ||| qw: Do Orc after clearing Dungeon:15 true
     0 | D:1      | 0 ||| qw: Do second Lair branch before Depths: true
     0 | D:1      | 0 ||| qw: Lair rune preference: random
     0 | D:1      | 0 ||| qw: Goals: Normal
     0 | D:1      | 0 ||| PLANNING D:1-11
   294 | D:1      | Found a faded altar of an unknown god.
   375 | D:1      | Reached skill level 6 in Ranged Weapons
   375 | D:1      | Reached XP level 2. HP: 15/16 MP: 4/4
   584 | D:1      | Found Fiocuruk's Antique Armour Boutique.
   605 | D:1      | 605 ||| SHOPLISTING ring mail (96 gold, have 48).
  1157 | D:1      | 1157 ||| UPGRADING to ring of positive energy.
  1158 | D:1      | 1158 ||| READING scroll labelled BUBLEN PORPHE.
  1159 | D:1      | 1159 ||| READING scroll labelled WUNWITWI BUWKA.
  1160 | D:1      | 1160 ||| READING scroll labelled FAZODGH NUREPELOJ.
  1161 | D:1      | 1161 ||| READING scroll labelled LASEN FEARPH.
  1165 | D:1      | 1165 ||| DROPPING scroll of butterflies.
  1233 | D:2      | Reached XP level 3. HP: 20/20 MP: 5/5
  1294 | D:2      | Reached skill level 7 in Ranged Weapons
  1495 | D:2      | Reached XP level 4. HP: 25/25 MP: 6/6
  1679 | D:2      | 1679 ||| UPGRADING to +0 pair of boots.
  1684 | D:2      | 1684 ||| UPGRADING to +5 ring of evasion.
  1685 | D:2      | 1685 ||| READING scroll labelled TITRIWNOMITS.
  1686 | D:2      | 1686 ||| DRINKING 2 gluggy blue potions.
  1710 | D:2      | 1710 ||| DRINKING 2 fizzy black potions.
  1711 | D:2      | 1711 ||| DRINKING 2 fuming emerald potions.
  1712 | D:2      | 1712 ||| DROPPING potion of lignification.
  1849 | D:3      | HP: 3/25 [gnoll/+0 flail (4)]
  1850 | D:3      | 1850 ||| DRINKING potion of heal wounds.
  1860 | D:3      | Reached skill level 8 in Ranged Weapons
  2056 | D:3      | Noticed Jessica
  2058 | D:3      | Killed Jessica
  2059 | D:3      | Reached XP level 5. HP: 29/29 MP: 7/7
  2164 | D:3      | Noticed Sigmund
  2175 | D:3      | Killed Sigmund
  2176 | D:3      | Reached skill level 9 in Ranged Weapons
  2176 | D:3      | Reached XP level 6. HP: 15/34 MP: 8/8
  2275 | D:3      | Found an ornate altar of the Wu Jian Council.
  2277 | D:3      | Found a sacrificial altar of Ru.
  2277 | D:3      | Found a blossoming altar of Fedhas.
  2476 | D:3      | 2476 ||| UPGRADING to +0 ring mail.
  2486 | D:3      | 2486 ||| DROPPING +0 leather armour.
  2487 | D:3      | 2487 ||| READING scroll labelled BUTAJEA FOIS.
  2513 | D:4      | 2513 ||| STAIRDANCE
  2522 | D:3      | HP: 8/34 [frozen (1)]
  2527 | D:3      | HP: 8/34 [orc/+0 club (2)]
  2636 | D:3      | 2636 ||| UPGRADING to +1 leather armour of fire resistance.
  2708 | D:4      | 2708 ||| Stepping ~*~*~tactically~*~*~ (outnumbered).
  2729 | D:4      | Noticed Menkaure
  2740 | D:4      | Killed Menkaure
  2795 | D:4      | Noticed Ijyb
  2805 | D:4      | Killed Ijyb
  2806 | D:4      | Reached skill level 10 in Ranged Weapons
  2806 | D:4      | Reached XP level 7. HP: 31/40 MP: 9/9
  2808 | D:4      | Noticed Eustachio
  2809 | D:4      | 2809 ||| FLEEEEING.
  2810 | D:4      | 2810 ||| FLEEEEING.
  2812 | D:4      | 2812 ||| FLEEEEING.
  2813 | D:4      | 2813 ||| FLEEEEING.
  2814 | D:4      | 2814 ||| FLEEEEING.
  2815 | D:4      | 2815 ||| FLEEEEING.
  2817 | D:4      | 2817 ||| FLEEEEING.
  2818 | D:4      | 2818 ||| FLEEEEING.
  2819 | D:4      | 2819 ||| FLEEEEING.
  2820 | D:4      | 2820 ||| FLEEEEING.
  2821 | D:4      | 2821 ||| FLEEEEING.
  2822 | D:4      | 2822 ||| FLEEEEING.
  2823 | D:4      | 2823 ||| STAIRDANCE
  2838 | D:3      | 2838 ||| UPGRADING to +0 pair of gloves.
  2843 | D:3      | 2843 ||| UPGRADING to ring of poison resistance.
  2845 | D:3      | 2845 ||| DRINKING 3 silvery potions.
  2846 | D:3      | 2846 ||| DROPPING 2 potions of degeneration.
  2850 | D:4      | 2850 ||| STAIRDANCE
  2885 | D:3      | HP: 6/40 [Eustachio/+3 rapier (7)]
  2890 | D:3      | HP: 2/40 [quasit[Eustachio] (2)]
  2893 | D:3      | Killed from afar by a white imp

Levels and vault maps discovered:
D:1:      kennysheep_arrival_seaside, layout_basic,
          ebering_ecumenical_altar_sacrificial, serial_shops,
          nicolae_shop_waterfront
D:2:      layout_rooms
D:3:      layout_basic, minitemple, uniq_jessica, uniq_sigmund
D:4:      minmay_goblin_kobold_castle, layout_rooms, uniq_ijyb, uniq_edmund,
          uniq_eustachio, uniq_menkaure

Skill      XL: |  1  2  3  4  5  6 |
---------------+-------------------+-----
Ranged Weapons | 6 7 8 9 10 | 10.1
Dodging        | 4 |  4.3
Fighting       | 2 |  2.0
Stealth        | |  1.2

Action                     |  1- 3 |  4- 6 |  7- 9 || total
---------------------------+-------+-------+-------++-------
   Fire: Shortbow          |   102 |   122 |    43 ||   267
    Use: Scroll            |     4 |     2 |       ||     6
         Potion            |       |     4 |     1 ||     5
 Armour: Leather armour    |     4 |     3 |    21 ||    28
         Ring mail         |       |    10 |       ||    10
  Dodge: Dodged            |     9 |    60 |   101 ||   170

Table legend:
 A = Non-vault XP
 B = Vault XP
 C = Vault XP percentage of total XP
 D = Non-vault monster count
 E = Vault monster count
 F = Vault count percentage of total count
                 A         B        C        D         E       F
            +---------+---------+-------+---------+---------+-------
      Total |     247 |     492 |  66.6 |      63 |       6 |   8.7
            +---------+---------+-------+---------+---------+-------
        D:1 |      37 |       0 |   0.0 |      23 |       0 |   0.0
        D:2 |      79 |       0 |   0.0 |      21 |       0 |   0.0
        D:3 |      77 |     276 |  78.2 |      14 |       2 |  12.5
        D:4 |      54 |     216 |  80.0 |       5 |       4 |  44.4
            +---------+---------+-------+---------+---------+-------
